 Dungeon Crawl Stone Soup version 0.26-a0-712-ga5a9c9c9d0 (webtiles) character file.

Game seed: 8059197421041923365

5995 raph the Zephyrmancer (level 10, -6/58 HPs)
             Began as a Tengu Air Elementalist on Nov 6, 2020.
             Was a Priest of Kikubaaqudgha.
             Mangled by a six-headed hydra (12 damage)
             ... on level 8 of the Dungeon on Nov 7, 2020.
             The game lasted 00:36:16 (10962 turns).

raph the Zephyrmancer (Tengu Air Elementalist)     Turns: 10962, Time: 00:36:16

Health: -6/58      AC:  7    Str: 14    XL:     10   Next: 85%
Magic:  4/18       EV: 15    Int: 19    God:    Kikubaaqudgha [***...]
Gold:   691        SH:  5    Dex: 15    Spells: 2/19 levels left

rFire    . . .     SeeInvis .   a - +6 dagger
rCold    . . .     Faith    .   (no shield)
rNeg     . . .     Spirit   .   e - +2 robe
rPois    .         Reflect  +   (helmet restricted)
rElec    .         Harm     .   (no cloak)
rCorr    .         Rampage  .   l - +2 pair of gloves
MR       .....                  (boots unavailable)
Stlth    ++++......             F - amulet of reflection
HPRegen  0.19/turn              q - ring of stealth
MPRegen  0.16/turn              B - +6 ring of strength

@: about to teleport
A: beak, talons 3, able to fly
a: Fly, Receive Corpses, Renounce Religion


You were on level 8 of the Dungeon.
You worshipped Kikubaaqudgha.
Kikubaaqudgha was most pleased with you.
You visited 2 branches of the dungeon, and saw 11 of its levels.
You also visited: Ossuary.

You collected 691 gold pieces.

Inventory:

Hand Weapons
 a - a +6 dagger (weapon)
 b - a +1 dagger of holy wrath
 o - a +0 dagger of speed
 w - the +1 hand axe of More {pain, *Corrode +Fly rF+ Str+3}
   (You found it on level 6 of the Dungeon)

   In the hands of one skilled in necromantic magic, it inflicts extra damage on
   living creatures.
   It affects your strength (+3).
   It protects you from fire.
   It lets you fly.
   It may corrode you when you take damage.
Missiles
 u - 2 throwing nets (quivered)
 G - 5 silver boomerangs
Armour
 e - a +2 robe (worn)
 l - a +2 pair of gloves (worn)
Jewellery
 i - an uncursed amulet of regeneration
 p - an uncursed amulet of guardian spirit
 q - a ring of stealth (left hand)
 t - an uncursed ring of positive energy
 v - an uncursed ring of fire
 B - a +6 ring of strength (right hand)
 F - an amulet of reflection (around neck)
Wands
 r - a wand of random effects (12)
 y - a wand of iceblast (1)
 D - a wand of digging (1)
Scrolls
 c - 2 scrolls of teleportation
 f - 7 scrolls of remove curse
 g - 3 scrolls of magic mapping
 n - 3 scrolls of amnesia
 s - a scroll of enchant weapon
 A - a scroll of enchant armour
 H - a scroll of identify
Potions
 d - 3 potions of lignification
 h - a potion of mutation
 j - a potion of cancellation
 k - a potion of haste
 m - 3 potions of curing
 x - 2 potions of brilliance
 z - a potion of stabbing
 C - a potion of magic
 E - a potion of might


   Skills:
 + Level 4.4 Fighting
 + Level 2.1 Short Blades
 - Level 5.1 Dodging
 + Level 5.5 Stealth
 + Level 5.1 Spellcasting
 + Level 10.6 Conjurations
 + Level 6.1 Necromancy
 + Level 10.8 Air Magic


You had 2 spell levels left.
You knew the following spells:

 Your Spells              Type           Power        Failure   Level
a - Shock                 Conj/Air       ####         1%          1
b - Swiftness             Air            #####...     1%          2
c - Static Discharge      Conj/Air       #####...     1%          3
d - Airstrike             Air            #####.....   1%          4
e - Animate Skeleton      Necr           ####..       1%          1
f - Pain                  Necr           ####         1%          1
g - Lightning Bolt        Conj/Air       #####.....   4%          5

Your spell library contained the following spells:

 Spells                   Type           Power        Failure   Level
 Sublimation of Blood     Necr           ####......   1%          2
 Sandblast                Erth           #.....       12%         1
 Passwall                 Tmut/Erth      #.......     19%         2
 Vampiric Draining        Necr           ####......   3%          3
 Stone Arrow              Conj/Erth      ####..       4%          3
 Dispel Undead            Necr           ####....     10%         4
 Agony                    Necr           ####....     28%         5
 Excruciating Wounds      Necr           ####......   28%         5
 Borgnjor's Vile Clutch   Necr/Erth      ###.......   69%         5
 Petrify                  Tmut/Erth      #.......     77%         4
 Lee's Rapid Deconstruct  Erth           #.........   98%         5
 Simulacrum               Ice/Necr       ###.......   99%         6


Dungeon Overview and Level Annotations

Branches:
Dungeon (10/15)            Temple (1/1) D:4            Lair (0/6) D:10
    Orc (0/2) D:9         Ossuary (visited)

Altars:
Dithmenos
Fedhas
Gozag
Kikubaaqudgha
Nemelex Xobeh
Qazlal
Sif Muna
Vehumet
Wu Jian
Xom
Zin

Shops:
D:4 (


Innate Abilities, Weirdness & Mutations

You have a beak for a mouth.
You have claws for feet.
You can fly continuously.


Message History

You climb upwards.
The six-headed hydra bites you. The six-headed hydra misses you.
The six-headed hydra bites you. The six-headed hydra barely misses you.
The six-headed hydra misses you. x2
The six-headed hydra completely misses you.
You block the six-headed hydra's attack.
The six-headed hydra bites you. The six-headed hydra barely misses you.
The six-headed hydra completely misses you.
The six-headed hydra bites you.
There is a stone staircase leading down here.
As you read the scroll of teleportation, it crumbles to dust.
You feel strangely unstable.
You block the six-headed hydra's attack.
The six-headed hydra bites you!
* * * LOW HITPOINT WARNING * * *
The six-headed hydra bites you!
* * * LOW HITPOINT WARNING * * *
The six-headed hydra completely misses you.
The six-headed hydra bites you!
You die...
Kikubaaqudgha rasps: "You have failed me!
Welcome... death!"

## .# ########## .#
##...##...## .#
##..........## .#
#.......Y....# .###
#........@...#
...#####......>D....#
......)............##
..............#...##
≈≈≈≈≈≈≈≈#...#.#####
.#######≈.....# .#
#≈....... .#
#≈........ [#
#≈........


You could see a six-headed hydra and a yak.

Vanquished Creatures
  Erica (D:8)
  2 hornets
  Prince Ribbit (D:10)
  2 yaks
  A warg (D:10)
  4 ice beasts
  A water moccasin (D:6)
  6 orc warriors
  4 phantoms
  2 sky beasts
  2 black bears
  A necrophage (D:9)
  4 ogres
  A centaur (D:8)
  A big kobold (D:8)
  5 bullfrogs
  A wyvern skeleton (D:10)
  2 scorpions
  A killer bee (D:8)
  4 howler monkeys
  A human zombie (Ossuary)
  2 bullfrog zombies
  A quasit (D:10)
  8 hounds
  A gnoll shaman (D:7)
  3 bullfrog skeletons
  2 jellies
  2 orc priests
  5 orc wizards
  12 worker ants
  A hound zombie (Ossuary)
  2 hound skeletons
  2 mummies (D:6)
  Robin (D:3)
  4 gnolls (D:7)
  7 adders
  4 shadow imps
  2 white imps
  4 ufetubi
  3 adder zombies
  2 adder skeletons
  A worm (D:2)
  2 dart slugs
  5 leopard geckos
  25 orcs
  5 giant cockroaches
  20 goblins
  8 hobgoblins
  11 jackals
  4 kobolds
  4 quokkas
  A ball python (D:1)
  7 bats
  5 frilled lizards
  3 jackal zombies (Ossuary)
  2 orc zombies (D:6)
  8 rats
226 creatures vanquished.

Vanquished Creatures (others)
  A quokka (D:2)
1 creature vanquished.

Grand Total: 227 creatures vanquished

Notes
Turn   | Place    | Note
-------+----------+-------------------------------------------
     0 | D:1      | raph the Tengu Air Elementalist began the quest for the
                  | Orb.
     0 | D:1      | Reached XP level 1. HP: 10/10 MP: 4/4
   226 | D:1      | Reached XP level 2. HP: 15/15 MP: 3/6
   832 | D:1      | Reached XP level 3. HP: 8/19 MP: 4/7
   871 | D:1      | Learned a level 2 spell: Swiftness
   875 | D:1      | Learned a level 3 spell: Static Discharge
  1322 | D:2      | Found a shimmering altar of Xom.
  1426 | D:2      | You fall into a shaft and drop 2 floors!
  1656 | D:2      | Reached XP level 4. HP: 24/24 MP: 8/8
  1722 | D:2      | Found a radiant altar of Vehumet.
  1731 | D:2      | You fall into a shaft and drop 2 floors!
  2210 | D:3      | Reached skill level 5 in Air Magic
  2652 | D:3      | Noticed Robin
  2661 | D:3      | Killed Robin
  2664 | D:3      | Gained mutation: You can fly continuously. [Tengu growth]
  2664 | D:3      | Reached XP level 5. HP: 20/28 MP: 0/9
  2902 | D:4      | Found a staircase to the Ecumenical Temple.
  2993 | Temple   | Entered the Ecumenical Temple
  3064 | Temple   | Became a worshipper of Kikubaaqudgha
  3127 | D:4      | Noticed an ogre
  3181 | D:4      | Killed an ogre
  3181 | D:4      | Reached XP level 6. HP: 32/32 MP: 6/11
  3243 | D:4      | Reached skill level 1 in Necromancy
  3393 | D:4      | Learned a level 4 spell: Airstrike
  3613 | D:4      | Found Byppob's Weapon Shoppe.
  3633 | D:4      | Found a shadowy altar of Dithmenos.
  3694 | D:4      | Noticed a phantom
  3739 | D:3      | Killed a phantom
  3739 | D:3      | Reached skill level 5 in Conjurations
  3739 | D:3      | Reached XP level 7. HP: 32/36 MP: 0/12
  3893 | D:4      | Found a sparkling altar of Nemelex Xobeh.
  3986 | D:4      | Found an opulent altar of Gozag.
  4045 | D:5      | Entered Level 5 of the Dungeon
  4358 | D:5      | Reached * piety under Kikubaaqudgha
  4358 | D:5      | Identified Kikubaaqudgha's Collected Works on Dark Secrets
                  | (Kikubaaqudgha gifted it to you on level 5 of the Dungeon)
  4358 | D:5      | Received a gift from Kikubaaqudgha
  4430 | D:5      | Learned a level 1 spell: Animate Skeleton
  4432 | D:5      | Learned a level 1 spell: Pain
  4671 | D:5      | Reached XP level 8. HP: 39/41 MP: 14/14
  5611 | D:6      | Got a scorched hand axe
  5612 | D:6      | Identified the cursed +1 hand axe of More {pain, *Corrode
                  | +Fly rF+ Str+3} (You found it on level 6 of the Dungeon)
  5913 | D:6      | Found a glowing silver altar of Zin.
  5980 | D:6      | Found a sand-covered staircase.
  6019 | Ossuary  | Entered an ossuary
  6313 | D:6      | Reached ** piety under Kikubaaqudgha
  6922 | D:7      | Reached XP level 9. HP: 46/46 MP: 1/16
  6922 | D:7      | Reached skill level 1 in Fighting
  7333 | D:7      | Found a blossoming altar of Fedhas.
  7704 | D:8      | Reached skill level 5 in Dodging
  7793 | D:8      | Reached skill level 5 in Stealth
  7927 | D:8      | Learned a level 5 spell: Lightning Bolt
  7968 | D:8      | Noticed a hornet
  7976 | D:8      | Killed a hornet
  8206 | D:8      | Noticed a six-headed hydra
  8487 | D:8      | Noticed Erica
  8495 | D:8      | Killed Erica
  8495 | D:8      | Reached skill level 5 in Necromancy
  8495 | D:8      | Reached skill level 10 in Air Magic
  8495 | D:8      | Reached XP level 10. HP: 56/56 MP: 1/17
  8784 | D:7      | Reached skill level 10 in Conjurations
  8888 | D:8      | Reached *** piety under Kikubaaqudgha
  8888 | D:8      | Identified Kikubaaqudgha's Volume of Darkness
                  | (Kikubaaqudgha gifted it to you on level 8 of the Dungeon)
  8888 | D:8      | Received a gift from Kikubaaqudgha
  9099 | D:9      | Noticed Prince Ribbit
  9129 | D:9      | Found a staircase to the Orcish Mines.
  9147 | D:10     | Entered Level 10 of the Dungeon
  9152 | D:10     | Killed Prince Ribbit
 10050 | D:10     | Noticed a two-headed ogre
 10099 | D:10     | Found a staircase to the Lair.
 10111 | D:10     | Reached skill level 1 in Short Blades
 10373 | D:9      | Reached skill level 5 in Spellcasting
 10962 | D:8      | Mangled by a six-headed hydra

Illustrated notes

Levels and vault maps discovered:
D:1:      tarquinn_simple_flora_water_d, layout_basic
D:2:      layout_basic, xom_teletrap_fun, fiery_altar_vehumet
D:3:      layout_rooms, minivault_24, uniq_robin
D:4:      layout_rooms, grunt_temple_overflow_opulence,
          minmay_temple_entry_slanted, serial_shops, shop,
          grunt_dithmenos_smoke_and_mirrors
D:5:      layout_gridville
D:6:      layout_basic, zin_statuary, nicolae_ossuary_entry_giza
D:7:      layout_gridville, fedhas_altar_1
D:8:      cheibrodos_ideogram_h, layout_rooms, lemuel_doored_altar,
          minmay_guarded_unrand_finisher, uniq_erica
D:9:      layout_small_grid, david_orc_3, uniq_prince_ribbit1
D:10:     minmay_the_grid_square_5x5_4x4 [minmay_the_grid_square_5x5_moneybag,
          minmay_the_grid_square_5x5_gyroscope,
          minmay_the_grid_square_5x5_two_small,
          minmay_the_grid_square_5x5_lines, minmay_the_grid_square_5x5_c,
          minmay_the_grid_square_5x5_prize_open,
          minmay_the_grid_square_5x5_prize_snowflake,
          minmay_the_grid_square_5x5_n_small,
          minmay_the_grid_square_5x5_almost_minimal,
          minmay_the_grid_square_5x5_prize_rear_guard,
          minmay_the_grid_square_5x5_prize_junk,
          minmay_the_grid_square_5x5_dogpile,
          minmay_the_grid_square_5x5_longway, minmay_the_grid_square_5x5_spiral,
          minmay_the_grid_square_5x5_fat_x,
          minmay_the_grid_square_5x5_checkered], layout_basic, serial_shops,
          nicolae_shop_trees, uniq_sonja
Temple:   regret_index_temple_generic_petals

Skill      XL: |  1  2  3  4  5  6  7  8  9 10 |
---------------+-------------------------------+-----
Conjurations   | 2 3 4 5 6 7 9 10 | 10.6
Air Magic      | 5 6 7 8 10 | 10.8
Dodging        | 3 4 5 |  5.1
Stealth        | 3 4 5 |  5.5
Necromancy     | 1 2 3 5 6 |  6.1
Spellcasting   | 3 4 5 |  5.1
Fighting       | 3 4 |  4.4
Short Blades   | 2 |  2.1

Action                   |  1- 3 |  4- 6 |  7- 9 | 10-12 || total
-------------------------+-------+-------+-------+-------++-------
Melee: Dagger            |    43 |    41 |   199 |   100 ||   383
       Kick              |     6 |     7 |    50 |    22 ||    85
       Peck              |     4 |     8 |    31 |    15 ||    58
       Hand axe          |       |       |    38 |       ||    38
Throw: Throwing net      |       |       |       |     2 ||     2
 Cast: Shock             |    39 |    86 |    96 |    58 ||   279
       Static Discharge  |     2 |     2 |    23 |    10 ||    37
       Airstrike         |       |       |    14 |    15 ||    29
       Animate Skeleton  |       |       |     9 |     9 ||    18
       Pain              |       |       |     3 |       ||     3
       Lightning Bolt    |       |       |     2 |     8 ||    10
Invok: Receive Corpses   |       |       |       |     1 ||     1
 Abil: Fly               |       |       |     1 |       ||     1
       Stop Flying       |       |       |     1 |       ||     1
Evoke: Wand              |       |       |     1 |     2 ||     3
  Use: Scroll            |     8 |     9 |     9 |     4 ||    30
       Potion            |       |       |     1 |     4 ||     5
 Stab: Sleeping          |     4 |     1 |     4 |     4 ||    13
       Distracted        |       |       |       |     1 ||     1
Armor: Robe              |     8 |     8 |    79 |    24 ||   119
Dodge: Dodged            |    31 |    37 |   231 |    93 ||   392
Block: Other             |       |       |       |     6 ||     6

Table legend: (Time is in decaauts)
 A = Elapsed time spent in this place.
 B = Non-inter-level travel time spent in this place.
 C = Inter-level travel time spent in this place.
 D = Time resting spent in this place.
 E = Time spent auto-exploring this place.
 F = Levels seen in this place.
 G = Mean time per level.
                   A        B        C        D        E       F      G
               +--------+--------+--------+--------+--------+-----+--------+
         Total |  10967 |  10677 |    290 |   4758 |   3502 |  12 |  913.9 |
       Dungeon |  10771 |  10514 |    257 |   4720 |   3445 |  10 | 1077.1 |
        Temple |    136 |    103 |     33 |     38 |     57 |   1 |  136.0 |
       Ossuary |     60 |     60 |      0 |      0 |      0 |   1 |   60.0 |
               +--------+--------+--------+--------+--------+-----+--------+

Top non-repeatable levels by time:
     D:7: 1670 daAuts
     D:1: 1288 daAuts
     D:5: 1276 daAuts
     D:4: 1044 daAuts
     D:3: 1024 daAuts
     D:6: 1021 daAuts
    D:10: 977 daAuts
     D:9: 914 daAuts
     D:8: 914 daAuts
     D:2: 638 daAuts
  Temple: 136 daAuts
 Ossuary: 60 daAuts
